 Dungeon Crawl Stone Soup version 0.24-a0-630-g0d56a851f4 (webtiles) character file.

Game seed: 9194713781947007305, levelgen mode: deterministic

21 DEFE the Ducker (level 2, 0/16 HPs)
             Began as a Spriggan Fighter on Sept 20, 2019.
             Slain by a kobold
             ... wielding a +0 whip
              (5 damage)
             ... on level 1 of the Dungeon.
             The game lasted 00:00:47 (489 turns).

DEFE the Ducker (Spriggan Fighter)                   Turns: 489, Time: 00:00:48

Health: 0/16       AC:  2    Str: 12    XL:     2   Next: 62%
Magic:  3/3        EV: 19    Int:  9    God:
Gold:   5          SH:  6    Dex: 15    Spells: 1/1 levels left

rFire    . . .     SeeInvis +   a - +0 flail
rCold    . . .     Gourm    .   c - +0 buckler
rNeg     . . .     Faith    .   b - +0 robe
rPois    .         Spirit   .   (helmet restricted)
rElec    .         Reflect  .   (no cloak)
rCorr    .         Harm     .   (gloves unavailable)
MR       .....                  (boots unavailable)
Stlth    +.........             (no amulet)
HPRegen  0.05/turn              (no ring)
MPRegen  0.08/turn              (no ring)

@: very quick
A: very small, unfitting armour, see invisible, herbivore, speed 3, slow
metabolism 2
a: no special abilities


You were on level 1 of the Dungeon.
You were not hungry.

You visited 1 branch of the dungeon, and saw 1 of its levels.

You collected 5 gold pieces.

Inventory:

Hand Weapons
 a - a +0 flail (weapon)
Armour
 b - a +0 robe (worn)
 c - a +0 buckler (worn)
Scrolls
 g - a scroll of enchant weapon {unknown}
Potions
 d - a potion of might
 e - a potion of curing {unknown}
Comestibles
 f - a ration


   Skills:
 - Level 2.4 Fighting
 + Level 2.4 Maces & Flails
 - Level 4.4 Dodging
 - Level 2.1 Shields


You had one spell level left.
You didn't know any spells.
Your spell library was empty.

Dungeon Overview and Level Annotations

Branches:
Dungeon (1/15)

Altars:

Annotations:
D:1 1 runed translucent door


Innate Abilities, Weirdness & Mutations

You are very small and have problems with some larger weapons.
You are too small for most types of armour.
You have supernaturally acute eyesight. (SInv)
You are a herbivore.
You cover ground extremely quickly.
You need to consume almost no food.


Message History

You hit the leopard gecko.
The leopard gecko completely misses you. x2
Your shield prevents you from hitting the leopard gecko.
The kobold hits you but does no damage. The leopard gecko misses you.
The kobold closely misses you.
You thump the leopard gecko!
You kill the leopard gecko!
The kobold hits you with a +0 whip.
You take 4 damage, and have 7/16 hp.
MASSIVE DAMAGE!!
You miss the kobold. The kobold hits you with a +0 whip.
You take 2 damage, and have 5/16 hp.
You miss the kobold. You block the kobold's attack.
You closely miss the kobold. The kobold misses you.
The kobold closely misses you.
You barely miss the kobold. The kobold completely misses you.
You hit the kobold but do no damage.
A bat comes into view.
The kobold hits you with a +0 whip.
You die...

.................. ♣
.♣....####♣.♣.... .
. ..... #.#.... ..
♣. ♣... ♣.♣.... ...
#. ... #.###.#
....#.####.######♣.♣
#.#
.........#.##......#
###
.........#.......♣.♣
#....@..........†#
#...K..####......#
#......# #.>....#
######## ###.##.#
#.##.# #.##.# #.##.#
#.# .# #.#


You could see a kobold.

Vanquished Creatures
  2 dart slugs (D:1)
  A leopard gecko (D:1)
  2 bats (D:1)
  A giant cockroach (D:1)
  2 hobgoblins (D:1)
  3 jackals (D:1)
  A frilled lizard (D:1)
  3 rats (D:1)
15 creatures vanquished.

Notes
Turn   | Place    | Note
-------+----------+-------------------------------------------
     0 | D:1      | DEFE the Spriggan Fighter began the quest for the Orb.
     0 | D:1      | Reached XP level 1. HP: 11/11 MP: 2/2
     1 | D:1      | Found a runed translucent door.
    94 | D:1      | Reached XP level 2. HP: 12/16 MP: 3/3
   489 | D:1      | Slain by a kobold

Levels and vault maps discovered:
D:1:      dpeg_arrival_caged_fury, layout_rooms, serial_forest,
          infiniplex_forest_lined_room_2, infiniplex_forest_clump_large,
          infiniplex_forest_pool, infiniplex_forest_lined_2,
          infiniplex_forest_straight_4, hangedman_decor_diamond_cutter

Skill      XL: |  1 |
---------------+----+-----
Maces & Flails | 2 |  2.4
Fighting       | |  2.4
Dodging        | |  4.4
Shields        | |  2.1

Action                   || total
-------------------------++-------
Melee: Flail             ||    61
Armor: Robe              ||     3
Dodge: Dodged            ||    60
Block: Buckler           ||    18

Table legend:
 A = Non-vault XP
 B = Vault XP
 C = Vault XP percentage of total XP
 D = Non-vault monster count
 E = Vault monster count
 F = Vault count percentage of total count
                 A         B        C        D         E       F
            +---------+---------+-------+---------+---------+-------
      Total |      30 |       0 |   0.0 |      15 |       0 |   0.0
            +---------+---------+-------+---------+---------+-------
        D:1 |      30 |       0 |   0.0 |      15 |       0 |   0.0
            +---------+---------+-------+---------+---------+-------
